 Dungeon Crawl Stone Soup version 0.27-a0-379-g34d631faf5 (webtiles) character file.

Game seed: 7729487450557407726

6902 Ankhboy the Slinger (level 11, -1/74 HPs)
             Began as a Halfling Hunter on Feb 16, 2021.
             Was a Plaything of Xom.
             Slain by an orc warrior
             ... wielding a +0 halberd
              (6 damage)
             ... while paralysed by an orc sorcerer
             ... on level 2 of the Orcish Mines on Feb 17, 2021.
             The game lasted 03:48:44 (8910 turns).

Ankhboy the Slinger (Halfling Hunter)               Turns: 8910, Time: 03:48:45

Health: -1/74      AC: 14    Str: 19    XL:     11   Next: 27%
Magic:  11/11      EV:  3    Int: 11    God:    Xom [*.....]
Gold:   863        SH:  0    Dex: 19    Spells: 10/10 levels left

rFire    . . .     SeeInvis .   V - +7 scimitar
rCold    . . .     Faith    .   (shield restricted)
rNeg     + + +     Spirit   .   S - +1 scale mail "Ciur Fey" {-Cast rN+++ Regen+ Int+4}
rPois    +         Reflect  .   y - +0 helmet
rElec    .         Harm     .   F - +1 cloak {rPois}
rCorr    .         Rampage  .   (no gloves)
Will     .....     NoCast   +   W - +1 pair of boots
Stlth    +.........             u - amulet of regeneration
HPRegen  2.22/turn              E - +6 ring of strength
MPRegen  0.12/turn              r - +4 ring of evasion

@: paralysed, hasted
A: small, dopey 1, mutation resistance 1
a: Renounce Religion


You were on level 2 of the Orcish Mines.
You worshipped Xom.
You were a special plaything of Xom.
You visited 2 branches of the dungeon, and saw 11 of its levels.
You also visited: Sewer.

You collected 863 gold pieces.

Inventory:

Hand Weapons
 a - a +1 hunting sling
 b - a +4 vorpal falchion
 i - a +0 short sword of speed
 q - a +0 mace of protection
 H - a +2 short sword of speed
 Q - a +0 hunting sling
 V - a +7 scimitar (weapon)
Missiles
 l - 37 poisoned darts (quivered)
 n - 230 stones
 B - 33 sling bullets
 G - 2 silver boomerangs
 L - 7 boomerangs
Armour
 c - a +0 leather armour
 e - a +0 ring mail
 y - a +0 helmet (worn)
 F - a +1 cloak of poison resistance (worn)
 K - a +2 scale mail of fire resistance
 S - the +1 scale mail "Ciur Fey" (worn) {-Cast rN+++ Regen+ Int+4}
   (You found it on level 7 of the Dungeon)

   It affects your intelligence (+4).
   It renders you almost immune to negative energy.
   It prevents spellcasting.
   It increases your rate of regeneration.
 W - a +1 pair of boots (worn)
Jewellery
 j - a ring of ice
 r - a +4 ring of evasion (right hand)
 u - an amulet of regeneration (around neck)
 E - a +6 ring of strength (left hand)
 J - a +6 ring of intelligence
 T - a ring of wizardry
Wands
 s - a wand of iceblast (18)
 C - a wand of digging (14)
 I - a wand of charming (10)
 P - a wand of acid (20)
 R - a wand of random effects (12)
 Y - a wand of polymorph (9)
Scrolls
 h - a scroll of enchant armour {unknown}
 m - 5 scrolls of teleportation
 p - 2 scrolls of fog
 v - a scroll of magic mapping {unknown}
 w - 4 scrolls of fear {unknown}
 x - 5 scrolls of amnesia
 O - a scroll of random uselessness {unknown}
 U - 2 scrolls of enchant weapon {unknown}
 X - 2 scrolls of identify
 Z - a scroll of noise {unknown}
Potions
 d - 3 potions of flight {unknown}
 k - 2 potions of mutation {unknown}
 o - a potion of degeneration {unknown}
 t - 2 potions of ambrosia {unknown}
 z - 5 potions of attraction {unknown}
 A - 3 potions of heal wounds {unknown}
 D - a potion of resistance {unknown}
 M - a potion of haste
 N - 2 potions of curing


   Skills:
 + Level 6.9 Fighting
 + Level 8.5(9.3) Short Blades
 + Level 4.8(6.6) Long Blades
 + Level 1.4 Maces & Flails
 + Level 13.4(13.5) Slings
 + Level 1.1(6.3) Throwing
 + Level 5.7 Armour
 + Level 5.9 Dodging
 + Level 2.3 Stealth
 + Level 0.3 Evocations


You had 10 spell levels left.
You didn't know any spells.
Your spell library contained the following spells:

 Spells                   Type           Power        Failure   Level
 Confusing Touch          Hex            0%           96%         3
 Gell's Gravitas          Tloc           0%           96%         3
 Petrify                  Tmut/Erth      0%           100%        4
 Metabolic Englaciation   Hex/Ice        0%           100%        5
 Yara's Violent Unravell  Hex/Tmut       0%           100%        5


Dungeon Overview and Level Annotations

Branches:
Dungeon (9/15)             Temple (0/1) D:7             Orc (2/2) D:9
  Sewer (visited)
   Lair: D:8-11         Elf: Orc:2

Altars:
Elyvilon
Okawaru
Wu Jian
Xom
The Shining One
Beogh

Shops:
D:5 *   D:9 [

Annotations:
D:3 2 transporters, 1 runed translucent door, Crazy Yiuf; milododd's ghost, amateur FoAK


Innate Abilities, Weirdness & Mutations

You are small and have problems with some larger weapons.
You are somewhat resistant to further mutation.
You are dopey. (Int -2)


Message History

You barely miss the orc sorcerer.
The orc sorcerer is heavily wounded.
The orc sorcerer hits you but does no damage.
The orc warrior misses you.
You riposte.
You hit the orc warrior but do no damage.
The orc warrior is almost dead.
You hit the orc sorcerer.
The orc sorcerer is heavily wounded.
The red devil hits you from afar with a +0 trident!
The orc sorcerer hits you but does no damage. x2
The orc warrior throws a boomerang.
The boomerang barely misses you.
The orc warrior throws a boomerang.
The boomerang hits you! The red devil misses you.
The orc sorcerer gestures at you while chanting.
The bolt of fire hits you!!!
Ouch! That really hurt!
* * * LOW HITPOINT WARNING * * *
You feel better. The orc warrior barely misses you.
You feel yourself speed up.
The red devil hits you but does no damage.
The orc warrior misses you.
The orc sorcerer points at you and mumbles some strange words.
You suddenly lose the ability to move!
The orc warrior hits you from afar with a +0 halberd!
* * * LOW HITPOINT WARNING * * *
The red devil hits you from afar with a +0 trident!
* * * LOW HITPOINT WARNING * * *
The orc warrior hits you with a +0 war axe.
* * * LOW HITPOINT WARNING * * *
The orc sorcerer becomes larger for a moment.
The orc sorcerer gestures wildly while chanting.
The red devil hits you but does no damage.
The orc warrior hits you from afar with a +0 halberd.
* * * LOW HITPOINT WARNING * * *
The orc sorcerer hits you but does no damage.
The red devil disappears in a puff of smoke!
The orc warrior hits you but does no damage.
The orc warrior hits you from afar with a +0 halberd.
You die...
Xom bursts into laughter!

...##.............$
..#.........._...
........<.......
#..##..).......
#..#........... #
#............
#.#............
###..............
......).§o@.......
.##..(((4o........
#.......o........
##....(.#########
#.....(## ##..(..#
#..(.)# ..)(..
(.(8.


You could see a rust devil (summoned), an orc sorcerer and 2 orc warriors.

Vanquished Creatures
  A two-headed ogre (D:8)
  Pikel (D:5)
  Maurice (Orc:1)
  Joseph (D:8)
  Prince Ribbit (D:8)
  2 trolls
  6 yaks
  A warg (Orc:1)
  An ice beast (D:7)
  2 orc warriors
  5 ogres
  2 centaurs
  A kobold brigand (Sewer)
  A phantom (D:5)
  5 bullfrogs
  A wyvern skeleton (D:7)
  2 scorpions
  8 wights
  A bullfrog zombie (D:3)
  6 orc priests
  A bullfrog skeleton (D:6)
  3 hounds
  3 jellies
  A centaur skeleton (D:7)
  4 worker ants
  Natasha (thrice) (D:3)
  4 iguanas
  10 orc wizards
  A killer bee zombie (D:7)
  A hound zombie (D:5)
  2 hound skeletons
  A worker ant zombie (D:9)
  Robin (D:3)
  A river rat (D:6)
  11 adders
  20 gnolls
  3 shadow imps
  A white imp (D:7)
  2 ufetubi
  An ooze (D:3)
  2 adder zombies
  4 worms
  2 dart slugs (D:2)
  7 leopard geckos
  36 orcs
  2 ball pythons
  8 giant cockroaches
  13 goblins
  10 hobgoblins
  8 jackals
  9 kobolds
  2 quokkas
  9 bats
  6 frilled lizards
  A goblin skeleton (D:8)
  A hobgoblin zombie (D:8)
  A kobold skeleton (D:8)
  A kobold zombie (D:8)
  2 orc skeletons (D:8)
  2 orc zombies (D:8)
  10 rats
259 creatures vanquished.

Vanquished Creatures (collateral kills)
  A golden eye (D:7)
  2 orc warriors
  A centaur (D:6)
  An orc priest (D:4)
  An orc wizard (D:4)
  A worker ant (D:8)
  An orc (D:5)
  3 jackals (D:5)
11 creatures vanquished.

Grand Total: 270 creatures vanquished

Notes
Turn   | Place    | Note
-------+----------+-------------------------------------------
     0 | D:1      | Ankhboy the Halfling Hunter began the quest for the Orb.
     0 | D:1      | Reached XP level 1. HP: 14/14 MP: 1/1
    23 | D:1      | Reached skill level 6 in Slings
   272 | D:1      | Reached XP level 2. HP: 19/19 MP: 2/2
   311 | D:1      | Reached skill level 1 in Short Blades
   742 | D:1      | Reached XP level 3. HP: 13/24 MP: 3/3
   820 | D:2      | Reached skill level 1 in Armour
   955 | D:2      | Reached skill level 1 in Maces & Flails
   956 | D:2      | Found a faded altar of an unknown god.
   968 | D:2      | Became a worshipper of Xom of Bone-Dry Humour
   989 | D:2      | Reached XP level 4. HP: 28/29 MP: 4/4
  1136 | D:2      | XOM: silly message
  1260 | D:2      | XOM: silly message
  1572 | D:3      | Noticed Robin
  1664 | D:3      | Found a transporter.
  1666 | D:3      | Noticed milododd's ghost (amateur FoAK)
  1670 | D:3      | You fall into a shaft and drop 1 floor!
  1682 | D:4      | XOM: silly message
  1695 | D:4      | Reached skill level 7 in Slings
  1695 | D:4      | Reached XP level 5. HP: 33/34 MP: 5/5
  1838 | D:3      | Noticed Natasha
  1840 | D:3      | XOM: potion effect (invisibility)
  1858 | D:3      | XOM: potion effect (invisibility)
  1861 | D:3      | XOM: enchant monster (good)
  1864 | D:3      | XOM: cast spell 'Cause Fear'
  1869 | D:3      | Killed Natasha
  1940 | D:3      | Found a glowing drain.
  1962 | Sewer    | Entered a sewer
  2003 | Sewer    | Noticed a kobold brigand
  2005 | Sewer    | Reached XP level 6. HP: 41/41 MP: 6/6
  2007 | Sewer    | XOM: divination: detect items
  2011 | Sewer    | XOM: noise
  2064 | Sewer    | Found a white marble altar of Elyvilon.
  2124 | D:3      | XOM: divination: magic mapping
  2142 | D:3      | Noticed Natasha
  2142 | D:3      | XOM: noise
  2160 | D:3      | Killed Natasha
  2208 | D:3      | Found a runed translucent door.
  2209 | D:3      | Noticed Crazy Yiuf
  2226 | D:3      | XOM: noise
  2309 | D:3      | Found a transporter.
  2320 | D:3      | XOM: noise
  2326 | D:3      | XOM: noise
  2346 | D:3      | XOM: silly message
  2360 | D:3      | Killed Robin
  2388 | D:3      | Reached skill level 8 in Slings
  2388 | D:3      | Reached XP level 7. HP: 41/45 MP: 7/7
  2473 | D:3      | Noticed Natasha
  2486 | D:3      | XOM: enchant monster (bad)
  2487 | D:3      | XOM: silly message
  2491 | D:3      | Killed Natasha
  2514 | D:3      | XOM: enchant monster (bad)
  2563 | D:3      | XOM: silly message
  3061 | D:4      | XOM: god gift: scroll labelled PYRPHOX NUIJ {god gift}
  3065 | D:4      | Identified a scroll of acquirement
  3066 | D:4      | Acquired a +6 ring of strength
  3274 | D:4      | XOM: cast spell 'Discord'
  3533 | D:4      | Reached skill level 9 in Slings
  3676 | D:4      | XOM: give mutation
  3676 | D:4      | Gained mutation: You are dopey. (Int -2) [Xom's mischief]
  3748 | D:5      | Entered Level 5 of the Dungeon
  3861 | D:5      | Reached XP level 8. HP: 45/52 MP: 8/8
  3903 | D:5      | Found Koimul's General Store.
  3936 | D:5      | Reached skill level 5 in Short Blades
  3937 | D:5      | XOM: 2-stop teleportation journey
  4010 | D:5      | Noticed Pikel
  4100 | D:5      | Killed Pikel
  4101 | D:5      | Reached skill level 10 in Slings
  4269 | D:5      | Reached XP level 9. HP: 58/58 MP: 9/9
  4429 | D:6      | XOM: noise
  4434 | D:6      | XOM: polymorph adder -> river rat
  4605 | D:6      | Found a white marble altar of Elyvilon.
  4612 | D:6      | Found an iron altar of Okawaru.
  4703 | D:5      | XOM: cast spell 'Summon Mana Viper'
  4735 | D:6      | XOM: cleaving
  4977 | D:6      | Reached skill level 11 in Slings
  5066 | D:6      | XOM: potion effect (haste)
  5196 | D:6      | XOM: cast spell 'Cause Fear'
  5215 | D:6      | XOM: enchant monster (good)
  5220 | D:6      | XOM: summons 3 friendly demons
  5370 | D:6      | XOM: god gift: 13 sling bullets
  5372 | D:6      | XOM: silly message
  5553 | D:7      | XOM: divination: magic mapping
  5677 | D:7      | XOM: cloud trail
  5735 | D:7      | Reached skill level 12 in Slings
  5754 | D:7      | Found a staircase to the Ecumenical Temple.
  5796 | D:7      | Reached skill level 5 in Fighting
  5888 | D:7      | XOM: god gift: hunting sling {god gift}
  5959 | D:7      | XOM: polymorph ice beast -> golden eye
  5960 | D:7      | XOM: summons friendly white imp
  6060 | D:7      | Got a transparent scale mail
  6061 | D:7      | Identified the +1 scale mail "Ciur Fey" {-Cast rN+++ Regen+
                  | Int+4} (You found it on level 7 of the Dungeon)
  6242 | D:8      | Reached XP level 10. HP: 65/66 MP: 10/10
  6250 | D:8      | Reached skill level 5 in Armour
  6536 | D:8      | Noticed a two-headed ogre
  6538 | D:8      | XOM: enchant monster (bad)
  6543 | D:8      | XOM: divination: detect items
  6608 | D:8      | XOM: potion effect (haste)
  6624 | D:8      | Killed a two-headed ogre
  6768 | D:8      | Found a glowing golden altar of the Shining One.
  6768 | D:8      | Noticed Prince Ribbit
  6786 | D:8      | XOM: 3-stop teleportation journey
  7033 | D:8      | Noticed Joseph
  7045 | D:8      | Killed Joseph
  7071 | D:8      | XOM: cast spell 'Call Canine Familiar'
  7077 | D:8      | Killed Prince Ribbit
  7078 | D:8      | Reached skill level 1 in Long Blades
  7355 | D:8      | XOM: silly message
  7363 | D:8      | Reached skill level 13 in Slings
  7376 | D:8      | Reached skill level 5 in Dodging
  7400 | D:9      | XOM: silly message
  7463 | D:9      | XOM: divination: magic mapping
  7551 | D:9      | XOM: summons 4 friendly demons
  7564 | D:9      | Found a staircase to the Orcish Mines.
  7600 | D:9      | Upgraded the game from 0.27-a0-362-g8331d791d5 to
                  | 0.27-a0-379-g34d631faf5
  7783 | D:9      | XOM: 6-stop teleportation journey
  7856 | D:9      | XOM: silly message
  7862 | D:9      | Found an ornate altar of the Wu Jian Council.
  8008 | D:9      | Reached XP level 11. HP: 74/74 MP: 11/11
  8031 | D:9      | XOM: summons 6 hostile demons
  8142 | D:9      | Noticed a two-headed ogre
  8143 | D:9      | XOM: enchant monster (bad)
  8204 | D:9      | XOM: chaos upgrade
  8215 | D:9      | Noticed a glowing shapeshifter
  8215 | D:9      | a two-headed ogre changed into a glowing shapeshifter
  8215 | D:9      | XOM: polymorph two-headed ogre -> glowing shapeshifter
  8215 | D:9      | Noticed a swamp dragon
  8215 | D:9      | a glowing shapeshifter changed into a swamp dragon
  8217 | D:9      | Found Meffauro's Armour Shop.
  8217 | D:9      | Noticed a glowing shapeshifter
  8217 | D:9      | a swamp dragon changed into a glowing shapeshifter
  8217 | D:9      | XOM: polymorph swamp dragon -> glowing shapeshifter
  8217 | D:9      | Noticed a shining eye
  8217 | D:9      | a glowing shapeshifter changed into a shining eye
  8218 | D:9      | Noticed a glowing shapeshifter
  8218 | D:9      | a shining eye changed into a glowing shapeshifter
  8218 | D:9      | XOM: polymorph shining eye -> glowing shapeshifter
  8218 | D:9      | Noticed a sea snake
  8218 | D:9      | a glowing shapeshifter changed into a sea snake
  8229 | D:9      | Noticed a glowing shapeshifter
  8229 | D:9      | a slime creature changed into a glowing shapeshifter
  8424 | Orc:1    | Entered Level 1 of the Orcish Mines
  8430 | Orc:1    | Noticed Maurice
  8437 | D:9      | Noticed a sphinx
  8479 | Orc:1    | Killed Maurice
  8480 | Orc:1    | Reached skill level 1 in Throwing
  8578 | Orc:1    | XOM: blink monster(s)
  8830 | Orc:2    | Entered Level 2 of the Orcish Mines
  8830 | Orc:2    | Found a roughly hewn altar of Beogh.
  8847 | Orc:2    | XOM: blink monster(s)
  8888 | Orc:2    | Noticed an orc sorcerer
  8907 | Orc:2    | Paralysed by an orc sorcerer for 7 turns
  8908 | Orc:2    | HP: 2/74 [orc warrior/+0 war axe (5)]
  8910 | Orc:2    | Slain by an orc warrior

Illustrated notes

Levels and vault maps discovered:
D:1:      elethiomel_arrival_shortcut, layout_loops_ring, minmay_pentomino_o2
D:2:      layout_loops_cross, serial_aquarium, aquarium_bridge_long_joined
          [aquarium_subvault_wall, aquarium_subvault_wall,
          aquarium_subvault_wall, aquarium_subvault_bridge,
          aquarium_subvault_wall, aquarium_subvault_bridge],
          aquarium_window_fake, aquarium_window_2, aquarium_window_1,
          aquarium_view_2d, aquarium_view_2c,
          chequers_ecumenical_altar_simple_redux
D:3:      layout_basic, gup_sewer_entry_pipe, gammafunk_ghost_arena, uniq_robin,
          uniq_natasha, uniq_crazy_yiuf_cottage
D:4:      layout_cave_pods, nicolae_ossuary_entry_ruins
D:5:      layout_rooms, serial_shops, shop_statue, uniq_pikel
D:6:      minmay_chambers_of_fours, layout_basic,
          amethyst_overflow_temple_binary
D:7:      layout_cave_pods, minmay_temple_entry_junction
D:8:      layout_loops_corners, nicolae_tso_besieged_by_evil,
          uniq_prince_ribbit1, uniq_joseph
D:9:      layout_gridville, lair_entry_dummy, david_orc_2, serial_shops,
          kennysheep_mini_moat, basic_altar, serial_bayou_pond_a
Orc:1:    layout_caves, nicolae_orc_crystal_geode, uniq_maurice, uniq_erolcha
Orc:2:    grunt_orc_community_town_hall, layout_caves,
          grunt_orc_community_big_house_2, grunt_orc_community_big_house_1,
          grunt_orc_community_house_1, grunt_orc_community_house_3,
          grunt_orc_community_house_1, grunt_orc_community_house_2,
          grunt_orc_community_house_1, grunt_orc_community_house_3,
          gammafunk_ghost_grave, basic_altar, uniq_donald

Skill      XL: |  1  2  3  4  5  6  7  8  9 10 11 |
---------------+----------------------------------+-----
Slings         | 6 7 8 9 10 12 13 | 13.4
Short Blades   | 1 2 3 4 5 6 8 |  8.5
Armour         | 1 2 3 4 5 |  5.7
Maces & Flails | 1 |  1.4
Fighting       | 2 3 4 5 6 |  6.9
Dodging        | 3 4 5 |  5.9
Stealth        | 2 |  2.3
Long Blades    | 2 4 |  4.8
Throwing       | 1 |  1.1
Evocations     | |  0.3

Action                   |  1- 3 |  4- 6 |  7- 9 | 10-12 || total
-------------------------+-------+-------+-------+-------++-------
Melee: Short sword       |    22 |   204 |   361 |    57 ||   644
       Mace              |    36 |    12 |       |       ||    48
       Scimitar          |       |       |       |   110 ||   110
 Fire: Hunting sling     |    29 |    73 |   284 |   218 ||   604
Throw: Dart              |       |       |       |    16 ||    16
Evoke: Wand              |       |       |     2 |       ||     2
  Use: Potion            |     2 |     2 |     5 |     4 ||    13
       Scroll            |     1 |     4 |     6 |     3 ||    14
Armor: Leather armour    |     5 |       |       |       ||     5
       Ring mail         |    15 |    27 |    29 |       ||    71
       Scale mail        |       |       |     1 |    37 ||    38
Dodge: Dodged            |    50 |   136 |   186 |   118 ||   490
       Rpst.: Scimitar   |       |       |       |    21 ||    21

Table legend: (Time is in decaauts)
 A = Elapsed time spent in this place.
 B = Non-inter-level travel time spent in this place.
 C = Inter-level travel time spent in this place.
 D = Time resting spent in this place.
 E = Time spent auto-exploring this place.
 F = Levels seen in this place.
 G = Mean time per level.
                   A        B        C        D        E       F      G
               +--------+--------+--------+--------+--------+-----+--------+
         Total |   8411 |   8411 |      0 |      0 |      0 |  12 |  700.9 |
       Dungeon |   7787 |   7787 |      0 |      0 |      0 |   9 |  865.2 |
  Orcish Mines |    461 |    461 |      0 |      0 |      0 |   2 |  230.5 |
         Sewer |    162 |    162 |      0 |      0 |      0 |   1 |  162.0 |
               +--------+--------+--------+--------+--------+-----+--------+

Top non-repeatable levels by time:
     D:8: 1110 daAuts
     D:4: 1046 daAuts
     D:9: 1016 daAuts
     D:6: 917 daAuts
     D:3: 858 daAuts
     D:1: 808 daAuts
     D:2: 768 daAuts
     D:5: 640 daAuts
     D:7: 621 daAuts
   Orc:1: 397 daAuts
   Sewer: 162 daAuts
   Orc:2: 64 daAuts
